 Dungeon Crawl Stone Soup version 0.26.1-10-gdfb7c7de75 (console) character file.

Game seed: 3742703353669147429

115 erker the Digger (level 5, -3/31 HPs)
             Began as an Octopode Earth Elementalist on Apr 9, 2021.
             Killed from afar by Ijyb (17 damage)
             ... with an iceblast
             ... on level 3 of the Dungeon.
             The game lasted 00:16:35 (3432 turns).

erker the Digger (Octopode Earth Elementalist)      Turns: 3432, Time: 00:16:35

Health: -3/31      AC:  1    Str:  7    XL:     5   Next: 0%
Magic:  3/8        EV: 13    Int: 18    God:
Gold:   158        SH:  0    Dex: 13    Spells: 1/8 levels left

rFire    . . .     SeeInvis .   a - +0 dagger
rCold    . . .     Faith    .   (no shield)
rNeg     . . .     Spirit   .   (helmet restricted)
rPois    .         Reflect  .   (no amulet)
rElec    .         Harm     .   (no ring)
rCorr    .         Rampage  .   (no ring)
Will     .....                  (no ring)
Stlth    +++.......             (no ring)
HPRegen  0.10/turn              (no ring)
MPRegen  0.11/turn              (no ring)
                                (no ring)
                                (no ring)

@: no status effects
A: almost no armour, stealthy swim, amphibious, 8 rings, constrict 8, camouflage
1, gelatinous body 1
a: no special abilities


You were on level 3 of the Dungeon.
You visited 1 branch of the dungeon, and saw 4 of its levels.

You collected 158 gold pieces.

Inventory:

Hand Weapons
 a - a +0 dagger (weapon)
 b - a +0 hunting sling
Missiles
 j - 55 arrows
 o - 56 stones
 q - 21 poisoned darts
 t - 5 boomerangs
 w - 37 sling bullets
Armour
 k - a cursed +0 buckler
 n - a +0 buckler
Jewellery
 u - an uncursed ring of fire
Scrolls
 d - a scroll of magic mapping {unknown}
 e - 3 scrolls of identify {unknown}
 f - a scroll of amnesia {unknown}
 g - 2 scrolls of random uselessness {unknown}
 i - 5 scrolls of remove curse {unknown}
 l - a scroll of enchant weapon {unknown}
 m - a scroll of enchant armour {unknown}
 p - a scroll of noise {unknown}
 r - a scroll of fear {unknown}
 s - a scroll of teleportation {unknown}
 x - a scroll of fog {unknown}
Potions
 c - 2 potions of curing
 h - a potion of degeneration {unknown}
 v - a potion of magic {unknown}


   Skills:
 - Level 3.0 Short Blades
 - Level 2.0 Dodging
 + Level 3.8 Stealth
 - Level 2.0 Spellcasting
 - Level 1.0 Transmutations
 - Level 4.0 Earth Magic


You had one spell level left.
You knew the following spells:

 Your Spells              Type           Power        Failure   Level
a - Sandblast             Erth           32%          3%          1
p - Petrify               Tmut/Erth      10%          54%         4
w - Passwall              Tmut/Erth      8%           10%         2

Your spell library contained the following spells:

 Spells                   Type           Power        Failure   Level
 Stone Arrow              Conj/Erth      18%          24%         3
 Lee's Rapid Deconstruct  Erth           8%           67%         5


Dungeon Overview and Level Annotations

Branches:
Dungeon (4/15)
 Temple: D:4-7

Altars:
Fedhas

Annotations:
D:3 3 runed translucent doors, Ijyb


Innate Abilities, Weirdness & Mutations

You cannot wear most types of armour.
You are very stealthy in the water. (Stealth+)
You are amphibious.
You can wear up to eight rings at the same time.
You can use your tentacles to constrict eight enemies at once.
Your skin changes colour to match your surroundings (Stealth+).
Your rubbery body absorbs attacks. (AC +1, EV +1)


Message History

Aim: an orc, wielding a +0 whip (21% to evade)
The blast of sand hits the orc!
You kill the orc!
You have reached level 5!
You feel agile.
e - 3 scrolls labelled NOAHIF AXORIK (gained 1)
Items here: )) ††††.
Okay, then.
You see here a ring mail.
Ijyb shouts!
Ijyb drinks a potion.
Ijyb seems to speed up.
Ijyb zaps a wand.
The mass of ice explodes!
The iceblast engulfs you!
Ijyb screams, "You nasty!
Big nasty!"
You hear a shout!
You hear a croak.
Ijyb zaps a wand.
The mass of ice explodes!
The iceblast engulfs you!
* * * LOW HITPOINT WARNING * * *
It was a potion of curing.
You feel better.
Ijyb zaps a wand.
The mass of ice explodes!
The iceblast engulfs you!
Ouch! That really hurt!
You die...

.................!.>.....#
............?.(.......(.$###
#)# #...###.##......
########.## ##.g###.........
..........#
#....##.........##
..........#
#....##...........
.....)....#
#..[.##..........#
..........#
#....##...g......#
..........# #..@.# #.#
).K..(....# #....# #.#
########)## #..).# #.#
########<#####....# #####.#
......###.......>## #.....#
#####.###........# #.#####
#.....#........# #.#
#..######......# #.# #^##
#......# #.#


You could see Ijyb (fast).

Vanquished Creatures
  3 adders (D:2)
  4 worms
  2 dart slugs
  2 leopard geckos
  5 orcs
  8 giant cockroaches
  10 goblins
  9 hobgoblins
  8 kobolds
  A quokka (D:2)
  A ball python (D:1)
  2 bats
  7 rats
62 creatures vanquished.

Vanquished Creatures (others)
  A fungus (D:1)
  2 plants (D:2)
  8 withered plants (D:3)
11 creatures vanquished.

Grand Total: 73 creatures vanquished

Notes
Turn   | Place    | Note
-------+----------+-------------------------------------------
     0 | D:1      | erker the Octopode Earth Elementalist began the quest for
                  | the Orb.
     0 | D:1      | Reached XP level 1. HP: 11/11 MP: 3/3
   208 | D:1      | Reached XP level 2. HP: 11/17 MP: 0/5
   211 | D:1      | Learned a level 2 spell: Passwall
   912 | D:1      | Reached skill level 4 in Earth Magic
  1067 | D:1      | Reached XP level 3. HP: 21/21 MP: 6/6
  1258 | D:2      | Reached skill level 1 in Short Blades
  1781 | D:2      | Found a blossoming altar of Fedhas.
  1826 | D:2      | Reached XP level 4. HP: 27/27 MP: 7/7
  2222 | D:2      | Found a faded altar of an unknown god.
  2640 | D:2      | You fall into a shaft and drop 2 floors!
  2654 | D:3      | Noticed Ijyb
  2790 | D:3      | Found a runed translucent gate.
  2793 | D:3      | Found a runed translucent gate.
  2898 | D:3      | Found a runed translucent gate.
  3043 | D:3      | Learned a level 4 spell: Petrify
  3166 | D:3      | Noticed a bullfrog
  3417 | D:3      | Reached XP level 5. HP: 31/31 MP: 2/8
  3432 | D:3      | Killed from afar by Ijyb

Illustrated notes

Levels and vault maps discovered:
D:1:      lemuel_arrival_muddy, layout_loops_cross, minivault_25
D:2:      cheibrodos_greedy_goblins, layout_loops_ring, general_overflow_altar,
          chequers_ecumenical_altar_lobes
D:3:      layout_basic, kiku_gazebo_garden_becter,
          gammafunk_temple_overflow_wave, gammafunk_ghost_cemetery, uniq_ijyb,
          uniq_crazy_yiuf_cottage, uniq_jessica
D:4:      layout_loops_ring, chequers_serial_rivers_micro_b, kennysheep_path_1,
          uniq_pikel

Skill      XL: |  1  2  3  4 |
---------------+-------------+-----
Earth Magic    | 4 |  4.0
Short Blades   | 2 3 |  3.0
Stealth        | 3 |  3.8
Dodging        | |  2.0
Spellcasting   | |  2.0
Transmutations | |  1.0

Action                   |  1- 3 |  4- 6 || total
-------------------------+-------+-------++-------
Melee: Unarmed           |    22 |       ||    22
       Constrict         |    13 |    13 ||    26
       Tentacles         |    10 |    15 ||    25
       Dagger            |    31 |    57 ||    88
 Cast: Sandblast         |    16 |    12 ||    28
       Passwall          |       |     5 ||     5
  Use: Potion            |       |     1 ||     1
 Stab: Sleeping          |    10 |     8 ||    18
       Distracted        |     1 |       ||     1
Armor: Skin              |     2 |     3 ||     5
Dodge: Dodged            |    35 |    31 ||    66
